 Dungeon Crawl Stone Soup version 0.32-a0-900-g30fb1b0edc (webtiles) character file.

Game seed: 14616698221268304584

288 Fodor the Covered (level 6, -6/48 (53) HPs)
             Began as a Minotaur Fighter on Apr 5, 2024.
             Killed by nerve-wracking pain
             ... invoked by an orc priest
              (9 damage)
             ... on level 3 of the Dungeon.
             The game lasted 00:04:57 (2019 turns).

Fodor the Covered (Minotaur Fighter)                Turns: 2019, Time: 00:04:57

HP:   -6/48 (53)    AC:  7    Str: 22    XL:     6   Next: 9%
MP:   5/5           EV: 14    Int:  5    God:
Gold: 182           SH:  4    Dex: 10    Spells: 5/5 levels left

rFire   . . .        a - +0 war axe
rCold   . . .        c - +0 buckler
rNeg    . . .        b - +0 scale mail
rPois   +            (helmet currently unavailable)
rElec   .            (cloak currently unavailable)
rCorr   .            (gloves currently unavailable)
SInv    .            e - melded +0 pair of boots
Will    .....        (no amulet) Stlth
                     h - ring of poison resistance
HPRegen 0.28/turn    s - +5 ring of evasion
MPRegen 0.09/turn

%: no passive effects
@: beast-form, drained
A: beast (slay +0), horns 2, retaliatory headbutt
a: Begin Untransformation, Convert to Beogh


You were on level 3 of the Dungeon.
You were a hulking beast.
You visited 1 branch of the dungeon, and saw 3 of its levels.

You collected 182 gold pieces.

Inventory:

Hand Weapons
 a - a +0 war axe (weapon)
Missiles
 r - a boomerang (quivered)
Armour
 b - a +0 scale mail (worn)
 c - a +0 buckler (worn)
 e - a +0 pair of boots (melded)
Jewellery
 h - a ring of poison resistance (left hand)
 n - a ring of ice
 s - a +5 ring of evasion (right hand)
Talismans
 j - a beast talisman (active)
Scrolls
 i - 4 scrolls of identify {unknown}
 k - 3 scrolls of teleportation {unknown}
 m - a scroll of fear {unknown}
 p - a scroll of brand weapon {unknown}
Potions
 d - a potion of might
 f - a potion of heal wounds {unknown}
 g - a potion of haste {unknown}
 l - a potion of brilliance {unknown}
 o - a potion of enlightenment {unknown}
 q - a potion of cancellation {unknown}


   Skills:
 + Level 4.4 Fighting
 + Level 4.5 Axes
 + Level 1.1 Throwing
 + Level 5.1 Armour
 + Level 1.7 Dodging
 + Level 4.3 Shields
 + Level 1.1 Shapeshifting


You had 5 spell levels left.
You didn't know any spells.
Your spell library contained the following spells:

 Spells                   Type           Power      Damage    Failure   Level
 Freeze                   Ice            0%         1d3       85%         1
 Frozen Ramparts          Ice            0%         1d1       99%         3
 Hailstorm                Conj/Ice       0%         3d5       99%         3


Dungeon Overview and Level Annotations

Branches:
Dungeon (3/15)

Altars:


Innate Abilities, Weirdness & Mutations

You are a hulking beast.
Your limbs bulge with bestial killing power. (Slay +0)
You have a pair of horns on your head.
You reflexively headbutt those who attack you in melee.


Message History

Beogh smites you!
The orc priest shouts, "Surrender to Beogh and we'll let you live!" (press Y on the ability menu to convert to Beogh)
You hit the orc.
You kill the orc!
You hit the orc but do no damage. You headbutt the orc, but do no damage.
The orc closely misses you.
You hit the orc but do no damage. The orc hits you but does no damage.
You feel drained. The orc closely misses you.
You barely miss the orc. The orc hits you but does no damage.
You feel drained.
You hit the orc but do no damage. Your headbutt misses the orc.
The orc barely misses you.
Unknown command.
Unknown command.
You closely miss the orc.
The orc hits you with a +1 whip of draining.
You feel drained.
The orc hits you with a +1 whip of draining.
You feel drained.
You hit the orc. You headbutt the orc, but do no damage.
The orc is heavily wounded.
The orc priest mumbles some strange prayers to Beogh against you.
Beogh smites you!
* * * LOW HITPOINT WARNING * * *
The orc misses you.
You hit the orc but do no damage. You headbutt the orc.
You kill the orc!
You slash the orc priest!
The orc priest is heavily wounded.
The orc priest calls down the wrath of Beogh upon you.
Beogh smites you!
* * * LOW HITPOINT WARNING * * *
The orc priest threatens, "Beogh's wrath is as vast as their mercy.
Make your choice!"
The orc priest hits you but does no damage.
You slash the orc priest!
The orc priest is almost dead.
The orc priest shouts, "Surrender to Beogh and we'll let you live!"
The orc priest calls down the wrath of Beogh upon you.
Pain shoots through your body!
You die...

#.####.#.....(..#.
#.# #.#..........
#.# #.#.#.####.#.
#.# ##.#.#### #.#.
#.# #.......# #.#.
#># #..#.##.# #.##
#.# #..#.##.###.#
#.# #...........#
#h# #..#.##.#####
#o###..#.##.#
#.##........#
#.##.#.#.####
#>##...#.#
#.###.##.# ..#
#.##.# ### #.##.#
# #.##.## #


You could see an orc priest.

Vanquished Creatures
  Sigmund (D:3)
  A bombardier beetle (D:3)
  An iguana (D:3)
  2 adders (D:3)
  A ribbon worm (D:2)
  2 dart slugs (D:2)
  5 orcs (D:3)
  6 ball pythons
  7 endoplasms
  3 goblins
  4 hobgoblins
  3 jackals (D:2)
  3 quokkas
  3 bats
  A frilled lizard (D:3)
  3 kobolds
  3 rats (D:1)
49 creatures vanquished.

Notes
Turn   | Place    | Note
-------+----------+-------------------------------------------
     0 | D:1      | Fodor the Minotaur Fighter began the quest for the Orb.
     0 | D:1      | Reached XP level 1. HP: 19/19 MP: 0/0
   121 | D:1      | Reached XP level 2. HP: 27/27 MP: 1/1
   180 | D:1      | Found a faded altar of an unknown god.
   587 | D:2      | Reached skill level 4 in Armour
   867 | D:2      | Reached XP level 3. HP: 29/33 MP: 2/2
  1613 | D:3      | Reached skill level 1 in Dodging
  1645 | D:3      | Reached XP level 4. HP: 37/40 MP: 3/3
  1704 | D:3      | Noticed Sigmund
  1713 | D:3      | Killed Sigmund
  1714 | D:3      | Reached skill level 5 in Armour
  1714 | D:3      | Reached XP level 5. HP: 47/47 MP: 4/4
  1760 | D:3      | Reached skill level 1 in Throwing
  1760 | D:3      | Reached skill level 1 in Shapeshifting
  1811 | D:3      | Reached XP level 6. HP: 53/53 MP: 5/5
  2019 | D:3      | Killed from afar by an orc priest

Illustrated notes

Levels and vault maps discovered:
D:1:      roderic_octagonal_star, layout_basic,
          dreamdust_ecumenical_altar_statues
D:2:      layout_loops_ring, minmay_distorted
D:3:      layout_loops_ring, uniq_sigmund

Skill      XL: |  1  2  3  4  5 |
---------------+----------------+-----
Shields        | 4 |  4.3
Armour         | 4 5 |  5.1
Axes           | 3 4 |  4.5
Fighting       | 4 |  4.4
Dodging        | 1 |  1.7
Throwing       | 1 |  1.1
Shapeshifting  | 1 |  1.1

Action                     |  1- 3 |  4- 6 || total
---------------------------+-------+-------++-------
  Melee: War axe           |    86 |    35 ||   121
         Headbutt          |    14 |     5 ||    19
  Throw: Boomerang         |     5 |     5 ||    10
 Armour: Scale mail        |    74 |    16 ||    90
  Dodge: Dodged            |    35 |    18 ||    53
  Block: Buckler           |    21 |     3 ||    24
   Form: Beast             |     1 |       ||     1

Table legend: (Time is in decaauts)
 A = Elapsed time spent in this place.
 B = Non-inter-level travel time spent in this place.
 C = Inter-level travel time spent in this place.
 D = Time resting spent in this place.
 E = Time spent auto-exploring this place.
 F = Levels seen in this place.
 G = Mean time per level.
                   A        B        C        D        E       F      G
               +--------+--------+--------+--------+--------+-----+--------+
         Total |   2064 |   2043 |     21 |      0 |   1563 |   3 |  688.0 |
       Dungeon |   2064 |   2043 |     21 |      0 |   1563 |   3 |  688.0 |
               +--------+--------+--------+--------+--------+-----+--------+

Top non-repeatable levels by time:
     D:2: 867 daAuts
     D:3: 670 daAuts
     D:1: 526 daAuts
